 Dungeon Crawl Stone Soup version 0.22.0-38-g04b72b8 (webtiles) character file.

132 Marcoleric the Grave Robber (level 5, -1/35 HPs)
             Began as a Human Necromancer on Aug 29, 2018.
             Slain by Sigmund
             ... wielding a +0 scythe
              (2 damage)
             ... on level 3 of the Dungeon.
             The game lasted 00:13:16 (1995 turns).

Marcoleric the Grave Robber (Human Necromancer)     Turns: 1995, Time: 00:13:17

Health: -1/35      AC:  5    Str:  8    XL:     5   Next: 38%
Magic:  5/10       EV: 12    Int: 17    God:
Gold:   29         SH:  0    Dex: 13    Spells: 4/10 levels left

rFire    . . .     SeeInvis .   f - +1 dagger (drain)
rCold    . . .     Gourm    .   (no shield)
rNeg     . . .     Faith    .   a - +0 robe
rPois    .         Spirit   .   e - +0 helmet
rElec    .         Reflect  .   (no cloak)
rCorr    .         Harm     .   g - +0 pair of gloves
MR       .....                  d - +0 pair of boots
Stlth    +++.......             (no amulet)
HPRegen  0.11/turn              b - ring of stealth
MPRegen  0.12/turn              (no ring)

@: no status effects
A: no striking features
a: no special abilities


You were on level 3 of the Dungeon.
You were not hungry.

You visited 1 branch of the dungeon, and saw 3 of its levels.

You collected 29 gold pieces.

Inventory:

Hand Weapons
 f - a +1 dagger of draining (weapon)
 h - a +0 dagger
Armour
 a - a +0 robe (worn)
 d - a +0 pair of boots (worn)
 e - a +0 helmet (worn)
 g - a +0 pair of gloves (worn)
Jewellery
 b - a ring of stealth (left hand)
 c - a +4 ring of evasion {unknown}
Scrolls
 i - a scroll of magic mapping
 j - a scroll of remove curse
 k - a scroll of identify


   Skills:
 + Level 0.2 Fighting
 + Level 0.7 Short Blades
 + Level 2.3 Dodging
 + Level 2.2 Stealth
 + Level 0.3 Unarmed Combat
 + Level 3.3 Spellcasting
 + Level 5.0 Necromancy


You had 4 spell levels left.
You knew the following spells:

 Your Spells              Type           Power        Failure   Level  Hunger
a - Pain                  Necr           ###.         2%          1    None
b - Animate Skeleton      Necr           N/A          2%          1    None
c - Animate Dead          Necr           N/A          22%         4    ####...

Your spell library contained the following spells:

 Spells                   Type           Power        Failure   Level  Hunger
 Vampiric Draining        Necr           ###.......   6%          3    ###....
 Regeneration             Chrm/Necr      ##........   19%         3    ###....


Dungeon Overview and Level Annotations

Branches:
Dungeon (3/15)

Altars:

Annotations:
D:3 Sigmund


Message History

Confirm with . or Enter, or press ? or * to list all spells.
Aiming: Pain (safe; 2% risk of failure)
Press: ? - help, Shift-Dir - straight line, f/p - rat
Aim: a rat (chance to defeat MR: 89%) Nothing appears to happen.
Casting: Pain (safe; 2% risk of failure)
Confirm with . or Enter, or press ? or * to list all spells.
Aiming: Pain (safe; 2% risk of failure)
Press: ? - help, Shift-Dir - straight line, f/p - rat
Aim: a rat (chance to defeat MR: 89%) Nothing appears to happen.
You hear a zap.
A puff of flame appears from out of thin air!
The puff of flame hits you!
* * * LOW HITPOINT WARNING * * *
Something hits you!
* * * LOW HITPOINT WARNING * * *
There is an open door here.
You barely miss something. Something hits you.
You die...

##+## ##...##
#§##.....##
≈≈#.......## .
#.........####....
+.........@{r.....
#.........####....
##.......## .
##.....## ##...##
##'## #.# #.#
##.##


You could see a rat.

Vanquished Creatures
  Natasha (thrice) (D:2)
  2 adders
  A worm (D:2)
  2 leopard geckos (D:1)
  5 bats (D:1)
  A giant cockroach (D:2)
  6 hobgoblins
  2 jackals (D:1)
  2 quokkas (D:2)
  A ball python (D:1)
  A frilled lizard (D:1)
  3 kobolds (D:1)
  2 rats (D:1)
31 creatures vanquished.

Vanquished Creatures (collateral kills)
  An adder (D:2)
  2 leopard geckos (D:2)
  2 giant cockroaches
  A hobgoblin (D:1)
  3 goblins
  2 kobolds (D:1)
  A rat (D:2)
12 creatures vanquished.

Grand Total: 43 creatures vanquished

Notes
Turn   | Place    | Note
-------+----------+-------------------------------------------
     0 | D:1      | Marcoleric the Human Necromancer began the quest for the Orb.
     0 | D:1      | Reached XP level 1. HP: 13/13 MP: 3/3
   248 | D:1      | Learned a level 1 spell: Animate Skeleton
   343 | D:1      | Reached XP level 2. HP: 12/19 MP: 0/5
   593 | D:1      | Reached XP level 3. HP: 6/24 MP: 1/6
  1127 | D:2      | Noticed Natasha
  1136 | D:2      | Killed Natasha
  1136 | D:2      | Reached XP level 4. HP: 25/30 MP: 4/8
  1254 | D:2      | Noticed Natasha
  1273 | D:2      | Killed Natasha
  1291 | D:2      | Learned a level 4 spell: Animate Dead
  1382 | D:2      | Noticed Natasha
  1391 | D:2      | Killed Natasha
  1391 | D:2      | Reached XP level 5. HP: 13/35 MP: 4/9
  1505 | D:2      | Reached skill level 5 in Necromancy
  1981 | D:3      | Noticed Sigmund
  1994 | D:3      | HP: 1/35 [something (8)]
  1995 | D:3      | Slain by Sigmund

Skill      XL: |  1  2  3  4  5 |
---------------+----------------+-----
Spellcasting   | 3 |  3.3
Necromancy     | 5 |  5.0
Fighting       | |  0.2
Short Blades   | |  0.7
Dodging        | |  2.3
Stealth        | |  2.2
Unarmed Combat | |  0.3

Action                   |  1- 3 |  4- 6 || total
-------------------------+-------+-------++-------
Melee: Unarmed           |    29 |       ||    29
       Dagger            |    32 |    47 ||    79
 Cast: Pain              |    25 |    24 ||    49
       Animate Skeleton  |    10 |     4 ||    14
       Animate Dead      |       |     6 ||     6
  Use: Potion            |     1 |       ||     1
       Scroll            |     1 |     5 ||     6
 Stab: Sleeping          |     1 |     1 ||     2
  Eat: Ration            |     1 |     1 ||     2
Armor: Robe              |    29 |     7 ||    36
Dodge: Dodged            |    71 |    28 ||    99
